 Dungeon Crawl Stone Soup version 0.24-a0-497-g5a03d68f59 (webtiles) character file.

Game seed: 3665630081044839651

176 tilp the Gusty (level 5, 0/28 HPs)
             Began as a Tengu Air Elementalist on July 13, 2019.
             Slain by a crimson imp (3 damage)
             ... summoned by Natasha
             ... on level 3 of the Dungeon.
             The game lasted 00:08:12 (2795 turns).

tilp the Gusty (Tengu Air Elementalist)             Turns: 2795, Time: 00:08:13

Health: 0/28       AC:  3    Str:  8    XL:     5   Next: 56%
Magic:  9/12       EV: 14    Int: 16    God:
Gold:   90         SH:  0    Dex: 15    Spells: 6/12 levels left

rFire    . . .     SeeInvis .   a - +0 dagger (venom)
rCold    . . .     Gourm    .   (no shield)
rNeg     . . .     Faith    .   h - +0 leather armour
rPois    .         Spirit   .   (helmet restricted)
rElec    .         Reflect  .   (no cloak)
rCorr    .         Harm     .   (no gloves)
MR       .....                  (boots unavailable)
Stlth    ++........             (no amulet)
HPRegen  0.09/turn              (no ring)
MPRegen  0.13/turn              (no ring)

@: flying quickly and evasively, quick
A: beak, talons 3, able to fly
a: Stop Flying


You were on level 3 of the Dungeon.
You were not hungry.

You visited 1 branch of the dungeon, and saw 3 of its levels.

You collected 90 gold pieces.

Inventory:

Hand Weapons
 a - a +0 dagger of venom (weapon)
Missiles
 n - 5 boomerangs
 r - 2 poisoned darts (quivered)
Armour
 h - a +0 leather armour (worn)
Jewellery
 m - a cursed ring of teleportation {unknown}
 t - a +3 ring of intelligence {unknown}
Scrolls
 e - a scroll of enchant weapon {unknown}
 f - a scroll of teleportation {unknown}
 g - a scroll of blinking {unknown}
 l - 3 scrolls of remove curse {unknown}
 p - a scroll of identify
 u - a scroll of magic mapping {unknown}
 v - a scroll of fear {unknown}
Potions
 b - a potion of heal wounds
 i - a potion of lignification
 j - a potion of magic
 k - a potion of mutation
 o - 5 potions of might
 q - a potion of invisibility {unknown}
 s - a potion of curing {unknown}
 w - a potion of flight {unknown}
Comestibles
 c - 8 rations
 d - 4 chunks of flesh


   Skills:
 + Level 0.0 Fighting
 - Level 2.1 Dodging
 - Level 2.0 Stealth
 - Level 4.0 Spellcasting
 - Level 1.3 Conjurations
 - Level 6.2 Air Magic


You had 6 spell levels left.
You knew the following spells:

 Your Spells              Type           Power        Failure   Level  Hunger
a - Shock                 Conj/Air       ###.         5%          1    None
b - Swiftness             Chrm/Air       ##......     11%         2    ##.....
c - Static Discharge      Conj/Air       ###.....     16%         3    ###....

Your spell library contained the following spells:

 Spells                   Type           Power        Failure   Level  Hunger
 Airstrike                Air            ###.......   19%         4    ####...
 Lightning Bolt           Conj/Air       ###.......   82%         5    ######.


Dungeon Overview and Level Annotations

Branches:
Dungeon (3/15)

Altars:
Dithmenos
Nemelex Xobeh

Annotations:
D:3 Natasha


Innate Abilities, Weirdness & Mutations

You have a beak for a mouth.
You have claws for feet.
You can fly continuously.


Message History

Natasha is heavily wounded.
Natasha claws you.
The crimson imp hits you but does no damage.
You closely miss Natasha. Your kick misses Natasha. Your peck misses Natasha.
Natasha is heavily wounded.
The crimson imp blinks!
Natasha mumbles some strange words.
The crimson imp puffs mist at you. The crimson imp misses you.
You hit Natasha.
Natasha is poisoned.
Natasha is heavily wounded.
Natasha claws you! The crimson imp completely misses you.
You miss Natasha. Your kick misses Natasha. Your peck misses Natasha.
Natasha is severely wounded.
Natasha extends her claws.
Natasha stares at you and mumbles some strange words.
The magic dart hits you.
* * * LOW HITPOINT WARNING * * *
The crimson imp hits you.
You die...

#######.## #.......#.
#.#####.#. #.#..##.#.
#.#..##.#. #.#.......
###.#..##.#.
##########÷....###.#.
#.5h@5....)...)....#.
...5§.#########..#.#####.
..... #..........#.#####.
.... #.#######..#.......
... #.#...#<#..########
#. #.#...#.#..#....#.. #
# #.#...#.#..#.##.#.# #
#.#.....#..#.##.#.# #
####.#...###..#.##.#.#


You could see an iron imp, Natasha and 2 crimson imps.

Vanquished Creatures
  An orc wizard (D:3)
  Jessica (D:2)
  Natasha (D:3)
  2 adders
  An ooze (D:1)
  3 worms
  2 dart slugs
  2 leopard geckos (D:3)
  2 orcs (D:3)
  2 giant cockroaches
  7 goblins
  8 hobgoblins
  2 jackals (D:1)
  4 bats
  3 frilled lizards (D:2)
  9 kobolds
  9 rats
59 creatures vanquished.

Notes
Turn   | Place    | Note
-------+----------+-------------------------------------------
     0 | D:1      | tilp the Tengu Air Elementalist began the quest for the
                  | Orb.
     0 | D:1      | Reached XP level 1. HP: 10/10 MP: 4/4
   662 | D:1      | Reached XP level 2. HP: 15/15 MP: 1/6
   905 | D:1      | Reached skill level 5 in Air Magic
  1233 | D:1      | Learned a level 2 spell: Swiftness
  1524 | D:2      | Reached XP level 3. HP: 19/19 MP: 7/7
  1615 | D:2      | Noticed Jessica
  1625 | D:2      | Killed Jessica
  1625 | D:2      | Reached skill level 6 in Air Magic
  1698 | D:2      | Found a shadowy altar of Dithmenos.
  1702 | D:2      | Found a sparkling altar of Nemelex Xobeh.
  1718 | D:2      | Reached XP level 4. HP: 20/24 MP: 4/8
  2185 | D:3      | Learned a level 3 spell: Static Discharge
  2357 | D:3      | Gained mutation: You can fly continuously. [Tengu growth]
  2357 | D:3      | Reached XP level 5. HP: 27/28 MP: 3/11
  2658 | D:3      | Noticed Natasha
  2668 | D:3      | Killed Natasha
  2782 | D:3      | Noticed Natasha
  2795 | D:3      | Slain by a crimson imp

Levels and vault maps discovered:
D:1:      dpeg_arrival_solitude, layout_basic, minmay_misc_feat_iff
D:2:      layout_loops_cross, grunt_dithmenos_smoke_and_mirrors,
          nemelex_xobeh_ov_fountains_minmay, uniq_jessica
D:3:      layout_basic, uniq_natasha

Skill      XL: |  1  2  3  4  5 |
---------------+----------------+-----
Air Magic      | 5 6 |  6.2
Spellcasting   | 3 4 |  4.0
Dodging        | |  2.1
Stealth        | |  2.0
Conjurations   | |  1.3

Action                   |  1- 3 |  4- 6 || total
-------------------------+-------+-------++-------
Melee: Dagger            |     8 |    77 ||    85
       Peck              |     1 |    14 ||    15
       Kick              |     1 |    18 ||    19
 Cast: Shock             |    41 |    27 ||    68
       Static Discharge  |       |     1 ||     1
 Abil: Fly               |       |     1 ||     1
  Use: Scroll            |     4 |     1 ||     5
       Potion            |       |     1 ||     1
 Stab: Sleeping          |     1 |     1 ||     2
  Eat: Chunk             |     3 |     4 ||     7
Armor: Robe              |     3 |       ||     3
       Leather armour    |     1 |    10 ||    11
Dodge: Dodged            |    25 |    46 ||    71

Table legend:
 A = Non-vault XP
 B = Vault XP
 C = Vault XP percentage of total XP
 D = Non-vault monster count
 E = Vault monster count
 F = Vault count percentage of total count
                 A         B        C        D         E       F
            +---------+---------+-------+---------+---------+-------
      Total |     180 |      72 |  28.6 |      57 |       2 |   3.4
            +---------+---------+-------+---------+---------+-------
        D:1 |      26 |       0 |   0.0 |      12 |       0 |   0.0
        D:2 |      38 |      37 |  49.3 |      15 |       1 |   6.2
        D:3 |     116 |      35 |  23.2 |      30 |       1 |   3.2
            +---------+---------+-------+---------+---------+-------
